 Dungeon Crawl Stone Soup version 0.20.1-1-g8b1a95d (webtiles) character file.

655 Melbolja the Vandal (level 7, 0/60 HPs)
             Began as a Hill Orc Hunter on Oct 2, 2017.
             Was a Follower of Cheibriados.
             Slain by a sky beast (3 damage)
             ... on level 5 of the Dungeon.
             The game lasted 00:12:02 (2441 turns).

Melbolja the Vandal (Hill Orc Hunter)               Turns: 2441, Time: 00:12:02

Health: 0/60       AC:  4    Str: 22    XL:     7   Next: 54%
Magic:  7/7        EV: 12    Int: 13    God:    Cheibriados [*.....]
Gold:   64         SH:  0    Dex: 15    Spells: 6/6 levels left

rFire    . . .     SeeInvis .   q - +0 flail (drain)
rCold    . . .     Gourm    .   (no shield)
rNeg     . . .     Faith    .   c - +1 leather armour
rPois    .         Spirit   .   (no helmet)
rElec    .         Reflect  .   (no cloak)
rCorr    .         Harm     .   (no gloves)
MR       .....                  (no boots)
Stlth    +.........             (no amulet)
Regen    0.2/turn               (no ring)
MPRegen  0.1/turn               (no ring)

@: mighty, flying, very slow
A: no striking features
a: Bend Time, Renounce Religion


You were on level 5 of the Dungeon.
You worshipped Cheibriados.
Cheibriados was aware of your devotion.
You were hungry.

You visited 2 branches of the dungeon, and saw 5 of its levels.

You collected 204 gold pieces.
You spent 140 gold pieces at shops.

Inventory:

Hand Weapons
 a - a +1 hunting sling
 b - a +0 short sword
 l - a +0 shortbow
 q - a +0 flail of draining (weapon)
Missiles
 d - 23 sling bullets
 e - 86 stones (quivered)
 m - 120 arrows
 p - 5 needles of frenzy
Armour
 c - a +1 leather armour (worn)
Wands
 n - a wand of paralysis (12/24)
Scrolls
 j - 3 scrolls of recharging {unknown}
 k - a scroll of enchant armour
Potions
 g - a potion of flight
 h - 2 potions of might
 i - a potion of degeneration {unknown}
 o - a potion of resistance {unknown}
 r - a potion of invisibility {unknown}
 s - a potion of curing {unknown}
 t - a potion of heal wounds {unknown}
Comestibles
 f - a bread ration
 u - a meat ration


   Skills:
 + Level 4.6 Fighting
 * Level 3.7 Maces & Flails
 - Level 6.0 Slings
 - Level 0.8 Bows
 + Level 2.5 Armour
 + Level 2.0 Dodging
 - Level 0.7 Stealth


You had 6 spell levels left.
You didn't know any spells.

Dungeon Overview and Level Annotations

Branches:
Dungeon (5/15)             Temple (1/1) D:4

Altars:
Cheibriados
Dithmenos
Fedhas
Hepliaklqana
Kikubaaqudgha
Makhleb
Nemelex Xobeh
Okawaru
Qazlal
Ru
Sif Muna
Trog
Uskayaw
Vehumet
Xom
Yredelemnul
Zin
The Shining One

Shops:
D:4 }


Message History

Something hits you.
* * * LOW HITPOINT WARNING * * *
Something shocks you.
* * * LOW HITPOINT WARNING * * *
You barely miss something. Something hits you but does no damage.
You barely miss something. Something hits you but does no damage.
You barely miss something. Something barely misses you.
It was a potion of flight.
You feel very buoyant.
You fly up into the air.
Something hits you.
* * * LOW HITPOINT WARNING * * *
Something shocks you.
* * * LOW HITPOINT WARNING * * *
It was a potion of might.
You feel very mighty all of a sudden. Something hits you but does no damage.
You closely miss something. Something hits you.
* * * LOW HITPOINT WARNING * * *
Something shocks you.
You die...

... .# #.# ###.# ##
#.# ..#.# #.#
#.#.#.#.#...
#####.#.#.#.#.#
.....#....... #..
#..###.#.#...#
#......@{.#
####.####....#
#.....# #....#
#.###.# #...## #.#
...#...# #.#
#..#...#
#######.####..#....
...............>....
#######'#####...


There were no monsters in sight!

Vanquished Creatures
  Edmund (D:5)
  A phantom (D:4)
  2 centaurs
  A scorpion (D:5)
  A water moccasin skeleton (D:5)
  A howler monkey (D:5)
  A bullfrog zombie (D:5)
  A hound (D:5)
  A worker ant (D:4)
  A killer bee zombie (D:5)
  3 adders
  A worm (D:5)
  3 dart slugs
  A leopard gecko (D:5)
  An orc (D:4)
  A ball python (D:2)
  6 bats
  2 giant cockroaches
  A goblin (D:1)
  A hobgoblin (D:1)
  A frilled lizard (D:1)
  8 rats
40 creatures vanquished.

Notes
Turn   | Place    | Note
-------+----------+-------------------------------------------
     0 | D:1      | Melbolja the Hill Orc Hunter began the quest for the Orb.
     0 | D:1      | Reached XP level 1. HP: 18/18 MP: 1/1
   102 | D:1      | Reached XP level 2. HP: 25/25 MP: 2/2
   310 | D:1      | Reached skill level 4 in Slings
   744 | D:2      | You fall through a shaft for 2 floors!
   744 | D:4      | Found a staircase to the Ecumenical Temple.
   753 | D:4      | Reached XP level 3. HP: 19/30 MP: 3/3
   757 | Temple   | Entered the Ecumenical Temple
   796 | Temple   | Became a worshipper of Cheibriados the Contemplative
  1066 | D:4      | Reached skill level 1 in Armour
  1066 | D:4      | Reached XP level 4. HP: 38/38 MP: 4/4
  1072 | D:4      | Found a glowing golden altar of the Shining One.
  1079 | D:4      | Noticed a phantom
  1111 | D:4      | Killed a phantom
  1111 | D:4      | Reached skill level 5 in Slings
  1111 | D:4      | Reached XP level 5. HP: 34/45 MP: 5/5
  1181 | D:4      | Noticed a centaur
  1187 | D:4      | Killed a centaur
  1187 | D:4      | Reached XP level 6. HP: 32/52 MP: 6/6
  1564 | D:4      | Found Lestrismo's Gadget Emporium.
  1567 | D:4      | Bought a wand of paralysis (12/24) for 140 gold pieces
  1598 | D:5      | Entered Level 5 of the Dungeon
  1600 | D:5      | Found a snail-covered altar of Cheibriados.
  1647 | D:5      | Noticed Edmund
  1657 | D:5      | Killed Edmund
  1675 | D:5      | Reached skill level 6 in Slings
  1693 | D:5      | Found a glowing silver altar of Zin.
  1708 | D:5      | Reached skill level 1 in Maces & Flails
  1779 | D:5      | Reached XP level 7. HP: 12/60 MP: 7/7
  2295 | D:5      | Reached * piety under Cheibriados
  2386 | D:5      | Found a basalt altar of Yredelemnul.
  2441 | D:5      | HP: 3/60 [something (2)]
  2441 | D:5      | Slain by a sky beast

Skill      XL: |  1  2  3  4  5  6  7 |
---------------+----------------------+-----
Slings         | 4 5 6 |  6.0
Fighting       | 3 4 |  4.6
Armour         | 1 2 |  2.5
Maces & Flails | 2 3 |  3.7
Dodging        | 2 |  2.0
Bows           | |  0.8
Stealth        | |  0.7

Action                   |  1- 3 |  4- 6 |  7- 9 || total
-------------------------+-------+-------+-------++-------
Melee: Flail             |       |    18 |    45 ||    63
 Fire: Hunting sling     |    57 |    52 |       ||   109
Throw: Stone             |       |     1 |     7 ||     8
  Use: Scroll            |       |     3 |       ||     3
       Potion            |       |       |     2 ||     2
  Eat: Bread ration      |       |     1 |       ||     1
Armor: Leather armour    |     2 |     7 |    13 ||    22
Dodge: Dodged            |     8 |    25 |    17 ||    50
